 Dungeon Crawl Stone Soup version bcrawl-1.19-7-g22fd707d3b (webtiles) character file.

Game seed: 6430525728758103330

99 Mrkan the Skirmisher (level 4, 0/41 HPs)
             Began as a Hill Orc Fighter on Nov 16, 2019.
             Was an Initiate of Beogh.
             Slain by Terence
             ... wielding a +6 short sword of draining
              (1 damage)
             ... on level 2 of the Dungeon.
             The game lasted 00:03:05 (1808 turns).

Mrkan the Skirmisher (Hill Orc Fighter)             Turns: 1808, Time: 00:03:05

Health: 0/41       AC:  8    Str: 18    XL:     4   Next: 72%
Magic:  4/4        EV:  4    Int:  8    God:    Beogh [......]
Gold:   122        SH:  8    Dex: 11    Spells: 3/3 levels left

rFire    . . .     SeeInvis .   a - +0 war axe
rCold    . . .     Gourm    .   c - +0 shield
rNeg     . . .     Faith    .   o - +0 chain mail
rPois    .         Spirit   .   (no helmet)
rElec    .         Reflect  .   (no cloak)
rCorr    .         Harm     .   (no gloves)
MR       .....                  (no boots)
Stlth    ..........             (no amulet)
HPRegen  0.13/turn              (no ring)
MPRegen  0.09/turn              (no ring)

@: heavily drained
A: no striking features
a: Renounce Religion


You were on level 2 of the Dungeon.
You worshipped Beogh.
Beogh was noncommittal.
You were not hungry.

You visited 1 branch of the dungeon, and saw 3 of its levels.

You collected 122 gold pieces.

Inventory:

Hand Weapons
 a - a +0 war axe (weapon)
Armour
 c - a +0 shield (worn)
 o - a +0 chain mail (worn)
Jewellery
 k - an uncursed ring of ice {unknown}
Scrolls
 e - 6 scrolls of remove curse {unknown}
 g - 2 scrolls of teleportation {unknown}
 h - 4 scrolls of identify {unknown}
 i - a scroll of enchant weapon {unknown}
 j - a scroll of blinking {unknown}
 l - a scroll of fog {unknown}
Potions
 d - a potion of might
 m - a potion of brilliance {unknown}
 n - a potion of mutation {unknown}
 p - a potion of lignification {unknown}
Comestibles
 b - a chunk of flesh
 f - 6 rations {!d}


   Skills:
 * Level 4.9(2.9) Fighting
   Level 4.9(2.9) Short Blades
   Level 4.9(2.9) Long Blades
   Level 4.9(2.9) Axes
   Level 4.9(2.9) Maces & Flails
   Level 4.9(2.9) Polearms
   Level 4.9(2.9) Staves
 + Level 4.0(2.1) Armour
 + Level 4.0(2.1) Shields
   Level 4.9(2.9) Unarmed Combat
 + Level 0.0 Invocations


You had 3 spell levels left.
You didn't know any spells.
Your spell library was empty.

Dungeon Overview and Level Annotations

Branches:
Dungeon (3/12)

Altars:
Gozag

Annotations:
D:2 Terence


Message History

The leopard gecko is moderately wounded.
You hit Terence but do no damage. You block the leopard gecko's attack.
You block Terence's attack. You block the leopard gecko's attack.
Terence hits you with a +6 short sword of draining.
* * * LOW HITPOINT WARNING * * *
You feel drained.
* * * LOW HITPOINT WARNING * * *
You barely miss Terence.
Terence is heavily wounded.
You hit the leopard gecko.
You kill the leopard gecko!
Beogh accepts your kill.
Terence hits you with a +6 short sword of draining.
* * * LOW HITPOINT WARNING * * *
You feel drained.
* * * LOW HITPOINT WARNING * * *
You hit Terence but do no damage.
Terence is heavily wounded.
Terence hits you with a +6 short sword of draining.
You die...

#.## #...(......##... #.#
#..........#.... #.#
#...............
##########.############...###...
#.................# #.....# ##..
#.#.....##.##.###.# #.#.#.# ####
#.......##.##..##.###(#...###...
###...........@##.^...##.<.....#
#.....#..##..@.......##.<.....
#.....#.##[...................
#............#..#######.......
###..(.....###.)#######....)..
#.#....#.####.)....##.......
#..#.#...##..(..............
#####.#)##.....#...<..####....#
#...........####......####..###
#..........## ##..........(###


You could see Terence.

Vanquished Creatures
  An orc wizard (D:2)
  3 gnolls
  2 worms (D:2)
  3 dart slugs
  2 leopard geckos
  An orc (D:2)
  A ball python (D:1)
  2 giant cockroaches
  A goblin (D:1)
  3 hobgoblins
  4 kobolds (D:2)
  2 bats (D:1)
  3 frilled lizards
  3 rats (D:1)
31 creatures vanquished.

Vanquished Creatures (others)
  A hobgoblin (D:2)
1 creature vanquished.

Grand Total: 32 creatures vanquished

Notes
Turn   | Place    | Note
-------+----------+-------------------------------------------
     0 | D:1      | Mrkan the Hill Orc Fighter began the quest for the Orb.
     0 | D:1      | Reached XP level 1. HP: 20/20 MP: 1/1
   114 | D:1      | Reached XP level 2. HP: 25/27 MP: 2/2
   754 | D:2      | Became a worshipper of Beogh the Brigand
   767 | D:2      | Reached XP level 3. HP: 12/34 MP: 3/3
  1056 | D:2      | Reached XP level 4. HP: 41/41 MP: 4/4
  1646 | D:2      | Found an opulent altar of Gozag.
  1796 | D:3      | Noticed Terence
  1800 | D:3      | Noticed a big kobold
  1807 | D:2      | HP: 1/41 [Terence/+6 short sword of draining (2)]
  1808 | D:2      | Slain by Terence

Skill      XL: |  1  2  3  4 |
---------------+-------------+-----
Armour         | 4 |  4.0
Shields        | 4 |  4.0
Fighting       | |  4.9
Short Blades   | |  4.9
Long Blades    | |  4.9
Axes           | |  4.9
Maces & Flails | |  4.9
Polearms       | |  4.9
Staves         | |  4.9
Unarmed Combat | |  4.9

Action                   |  1- 3 |  4- 6 || total
-------------------------+-------+-------++-------
Melee: War axe           |    57 |    46 ||   103
Invok: Convert to Beogh  |     1 |       ||     1
  Eat: Chunk             |     1 |     2 ||     3
Armor: Scale mail        |    22 |       ||    22
       Chain mail        |     6 |    31 ||    37
Dodge: Dodged            |    16 |    13 ||    29
Block: Shield            |    26 |    31 ||    57
